 Dungeon Crawl Stone Soup version 0.29.1-1-gd02db6906a (webtiles) character file.

Game seed: 17063460818500449385

376 Descartes the Shield-Bearer (level 7, -5/53 (54) HPs)
             Began as a Formicid Fighter on Oct 5, 2022.
             Slain by Eustachio
             ... wielding a +2 vorpal falchion
              (7 damage)
             ... on level 4 of the Dungeon.
             The game lasted 00:08:32 (4813 turns).

Descartes the Shield-Bearer (Formicid Fighter)      Turns: 4813, Time: 00:08:32

HP:   -5/53 (54)    AC:  7    Str: 22      XL:     7   Next: 3%
MP:   7/7           EV:  9    Int:  8      God:
Gold: 140           SH:  5    Dex: 10 (13) Spells: 6/6 levels left

rFire   . . .      SeeInvis +   j - +1 hand axe (freeze)
rCold   . . .      Faith    .   c - +0 buckler
rNeg    . . .      Spirit   .   b - +0 scale mail
rPois   .          Reflect  .   (helmet unavailable)
rElec   .          Harm     .   (no cloak)
rCorr   +          Rampage  .   (no gloves)
Will    .....                   (no boots)
Stlth   ..........              (no amulet)
HPRegen 0.17/turn               y - ring of resist corrosion
MPRegen 0.10/turn               (no ring)

@: lightly drained
A: permanent stasis, dig shafts and tunnels, antennae 3, four strong arms, claws
1, mutation resistance 1
a: Dig, Shaft Self


You were on level 4 of the Dungeon.
You visited 1 branch of the dungeon, and saw 4 of its levels.

You collected 140 gold pieces.

Inventory:

Hand Weapons
 a - a +0 war axe
 h - a +2 dagger of venom
 j - a +1 hand axe of freezing (weapon)
 o - a +0 executioner's axe
 p - a +3 falchion of electrocution
 x - a +5 club
 z - a +2 vorpal flail
Missiles
 i - 27 stones
 C - 3 boomerangs
 D - 3 silver javelins
Armour
 b - a +0 scale mail (worn)
 c - a +0 buckler (worn)
Jewellery
 y - a ring of resist corrosion (left claw)
Wands
 w - a wand of quicksilver (8)
 F - a wand of iceblast (8)
Scrolls
 k - 3 scrolls of fear {unknown}
 m - a scroll of magic mapping {unknown}
 n - 5 scrolls of vulnerability {unknown}
 q - 4 scrolls of identify {unknown}
 s - 2 scrolls of enchant weapon {unknown}
 v - 2 scrolls of torment {unknown}
 A - a scroll of blinking {unknown}
 B - 2 scrolls of fog {unknown}
 E - a scroll of poison {unknown}
Potions
 d - a potion of might
 e - a potion of attraction {unknown}
 f - a potion of berserk rage {unknown}
 g - a potion of mutation
 l - a potion of brilliance {unknown}
 r - a potion of flight {unknown}
 t - 2 potions of ambrosia {unknown}
 u - a potion of degeneration {unknown}


   Skills:
 + Level 4.1 Fighting
 + Level 2.9(3.4) Axes
 + Level 1.8(2.6) Maces & Flails
 + Level 1.7(2.6) Polearms
 + Level 4.0 Armour
 * Level 5.8 Shields
 + Level 1.6 Translocations
 + Level 2.1 Evocations


You had 6 spell levels left.
You didn't know any spells.
Your spell library contained the following spells:

 Spells                   Type           Power      Damage    Failure   Level
 Portal Projectile        Hex/Tloc       2%         N/A       96%         3
 Call Canine Familiar     Summ           0%         N/A       99%         3
 Leda's Liquefaction      Hex/Erth       0%         N/A       100%        4


Dungeon Overview and Level Annotations

Branches:
Dungeon (4/15)
 Temple: D:4-7

Altars:
Cheibriados
Elyvilon
Nemelex Xobeh

Shops:
D:4 [=

Annotations:
D:4 Eustachio


Innate Abilities, Weirdness & Mutations

You cannot be hasted, slowed, berserked, paralysed or teleported.
You can dig through walls and to a lower floor.
You have a pair of large antennae on your head. (SInv)
Your four strong arms can wield two-handed weapons with a shield.
You have sharp fingernails.
You are somewhat resistant to further mutation.


Message History

The river rat's corpse disappears in a puff of smoke!
Eustachio hits you with a +2 vorpal falchion!
Unknown command.
You closely miss Eustachio.
Eustachio is heavily wounded.
Eustachio zaps a wand.
The puff of flame hits you. Eustachio hits you but does no damage.
Unknown command.
You hit Eustachio but do no damage.
Eustachio is heavily wounded.
Eustachio zaps a wand.
The puff of flame hits you.
* * * LOW HITPOINT WARNING * * *
Unknown command.
You closely miss Eustachio.
Eustachio is heavily wounded.
Eustachio hits you but does no damage.
You hit Eustachio but do no damage.
Eustachio is heavily wounded.
Eustachio barely misses you.
Unknown command.
Okay, then.
There is a stone staircase leading down, spattered with blood here.
Eustachio barely misses you.
You climb downwards.
There is a stone staircase leading up here.
You barely miss Eustachio.
Eustachio is heavily wounded.
Eustachio closely misses you.
You barely miss Eustachio.
Eustachio is heavily wounded.
Eustachio zaps a wand.
The puff of flame hits you.
* * * LOW HITPOINT WARNING * * *
Eustachio hits you with a +2 vorpal falchion.
* * * LOW HITPOINT WARNING * * *
x2 You hit Eustachio.
You freeze Eustachio.
Eustachio is severely wounded.
Eustachio hits you with a +2 vorpal falchion.
* * * LOW HITPOINT WARNING * * *
x2 Eustachio hits you with a +2 vorpal falchion!
You die...

....##.##.# #.........#
#..###.############ .......#
#......# #..##### #.####.######
#..# #.##........# ...#
#######.##..#####.# #.##
#55.........# #### ### ..#
#<#.##....@@# ... ..# ###
#.#.##.####.# ..#.###.#
#.#.##.# #.#####..#..##$#
####.#.##.####........##.##.#
#.......#.##.......##.##.##.#
###.#...>..@##.......##.......#
....#.....#.##.......#####.####
.......#.............# #@#
....#.###.#..#.......# #.#


You could see Eustachio.

Vanquished Creatures
  A necrophage (D:4)
  2 jellies (D:4)
  Jessica (D:3)
  An orc wizard (D:4)
  Ijyb (D:4)
  An iguana (D:3)
  Robin (D:3)
  2 adders (D:2)
  4 gnolls
  A worm (D:3)
  4 dart slugs
  5 orcs
  4 ball pythons
  7 endoplasms
  2 giant cockroaches
  8 hobgoblins
  2 kobolds
  3 quokkas
  6 bats
  14 frilled lizards
  11 goblins
  A rat (D:1)
  4 butterflies
86 creatures vanquished.

Vanquished Creatures (others)
  7 plants
7 creatures vanquished.

Grand Total: 93 creatures vanquished

Notes
Turn   | Place    | Note
-------+----------+-------------------------------------------
     0 | D:1      | Descartes the Formicid Fighter began the quest for the Orb.
     0 | D:1      | Reached XP level 1. HP: 18/18 MP: 1/1
    16 | D:1      | Found a faded altar of an unknown god.
    91 | D:1      | Reached XP level 2. HP: 18/24 MP: 2/2
   641 | D:1      | Gained mutation: You have sharp fingernails. [potion of
                  | mutation]
   641 | D:1      | Gained mutation: You are somewhat resistant to further
                  | mutation. [potion of mutation]
   697 | D:1      | Reached XP level 3. HP: 29/29 MP: 3/3
  1442 | D:2      | Reached XP level 4. HP: 34/36 MP: 4/4
  1867 | D:3      | Found a snail-covered altar of Cheibriados.
  1904 | D:3      | Found a sparkling altar of Nemelex Xobeh.
  1913 | D:3      | Reached skill level 1 in Maces & Flails
  1964 | D:3      | Noticed Jessica
  1968 | D:3      | Killed Jessica
  1969 | D:3      | Reached skill level 1 in Polearms
  1969 | D:3      | Reached skill level 1 in Translocations
  1969 | D:3      | Reached skill level 1 in Evocations
  2266 | D:3      | Reached XP level 5. HP: 42/42 MP: 5/5
  2352 | D:3      | Reached skill level 5 in Shields
  2473 | D:3      | Noticed Robin
  2489 | D:3      | Killed Robin
  2829 | D:3      | Reached XP level 6. HP: 45/48 MP: 6/6
  3151 | D:4      | Found a white marble altar of Elyvilon.
  3273 | D:4      | Found Tosej's Armour Shoppe.
  3386 | D:4      | Noticed Ijyb
  3402 | D:4      | Killed Ijyb
  3644 | D:4      | Reached XP level 7. HP: 32/53 MP: 7/7
  3775 | D:4      | Found Nyolaon's Jewellery Emporium.
  3800 | D:4      | Noticed Eustachio
  4812 | D:4      | HP: 2/53 [Eustachio/+2 vorpal falchion (2)]
  4813 | D:4      | Slain by Eustachio

Illustrated notes

Levels and vault maps discovered:
D:1:      spicycebolla_arrival_clurvy, layout_basic,
          ebering_ecumenical_altar_rust
D:2:      layout_basic, serial_aquarium, aquarium_bridge_square
          [aquarium_subvault_bridge, aquarium_subvault_bridge,
          aquarium_subvault_wall, aquarium_subvault_window],
          aquarium_window_corner, aquarium_window_fake, aquarium_window_corner,
          aquarium_window_fake, aquarium_view_2f, aquarium_balcony_double_4
D:3:      layout_loops_cross, nemelex_xobeh_ov_fountains_minmay,
          kennysheep_slug_shrine, minmay_lizard_king, uniq_robin, uniq_jessica
D:4:      layout_loops_cross, elyvilon_altar_5, serial_shops,
          nicolae_shop_crystal, shop_statue, uniq_eustachio, uniq_ijyb

Skill      XL: |  1  2  3  4  5  6 |
---------------+-------------------+-----
Maces & Flails | 1 |  1.8
Polearms       | 1 |  1.7
Translocations | 1 |  1.6
Evocations     | 1 2 |  2.1
Shields        | 5 |  5.8
Fighting       | 4 |  4.1
Armour         | 4 |  4.0
Axes           | |  2.9

Action                   |  1- 3 |  4- 6 |  7- 9 || total
-------------------------+-------+-------+-------++-------
Melee: War axe           |    22 |       |       ||    22
       Hand axe          |    38 |   150 |    62 ||   250
 Abil: Dig               |       |     1 |       ||     1
  Use: Potion            |     1 |       |     3 ||     4
 Stab: Sleeping          |     1 |       |       ||     1
Armor: Scale mail        |    29 |    53 |   110 ||   192
Dodge: Dodged            |    25 |    66 |    93 ||   184
Block: Buckler           |     9 |    38 |    58 ||   105
